 Dungeon Crawl Stone Soup version 0.27.1-1-g398f81649c (webtiles) character file.

Game seed: 14513562590788893831

366 ABBCCCDDDD the Sneak (level 6, 0/43 HPs)
             Began as an Octopode Brigand on Sept 14, 2021.
             Was an Initiate of Gozag.
             Slain by an adder (3 damage)
             ... on level 5 of the Dungeon.
             The game lasted 00:07:53 (4441 turns).

ABBCCCDDDD the Sneak (Octopode Brigand)             Turns: 4441, Time: 00:07:53

Health: 0/43       AC:  1    Str: 10    XL:     6   Next: 68%
Magic:  9/9        EV: 18    Int: 15    God:    Gozag
Gold:   370        SH:  0    Dex: 14    Spells: 6/9 levels left

rFire    . . .     SeeInvis .   g - +2 short sword (venom)
rCold    . . .     Faith    .   (no shield)
rNeg     . . .     Spirit   .   (helmet restricted)
rPois    .         Reflect  .   (no amulet)
rElec    .         Harm     .   d - +4 ring of evasion
rCorr    .         Rampage  .   (no ring)
Will     .....                  (no ring)
Stlth    ++++......             (no ring)
HPRegen  0.14/turn              (no ring)
MPRegen  0.11/turn              (no ring)
                                (no ring)
                                (no ring)

@: lethally poisoned (0 -> -7)
A: almost no armour, amphibious, 8 rings, camouflage 1, gelatinous body 1,
(nimble swimmer 1), tentacles
a: Renounce Religion, Potion Petition, Call Merchant, Bribe Branch


You were on level 5 of the Dungeon.
You worshipped Gozag.
Gozag was aware of your devotion.
You visited 1 branch of the dungeon, and saw 5 of its levels.

You collected 398 gold pieces.
You paid 28 gold pieces to Gozag.

Inventory:

Hand Weapons
 a - a +2 dagger
 g - a +2 short sword of venom (weapon)
Missiles
 b - 28 poisoned darts (quivered)
 c - 2 curare-tipped darts
 s - 2 boomerangs
Jewellery
 d - a +4 ring of evasion (left tentacle)
Scrolls
 i - a scroll of vulnerability
 k - a scroll of fog
 m - 2 scrolls of enchant weapon
 o - 2 scrolls of immolation
 q - a scroll of noise
Potions
 e - 2 potions of might {unknown}
 f - 4 potions of curing
 h - a potion of attraction {unknown}
 j - a potion of heal wounds {unknown}
 l - a potion of resistance {unknown}
 p - a potion of flight {unknown}
 r - a potion of ambrosia {unknown}


   Skills:
 + Level 3.8 Fighting
 - Level 3.0 Short Blades
 - Level 2.0 Throwing
 + Level 3.3 Dodging
 - Level 5.3 Stealth
 - Level 2.0 Spellcasting
 + Level 1.7 Conjurations
 + Level 1.8 Earth Magic


You had 6 spell levels left.
You knew the following spells:

 Your Spells              Type           Power      Damage    Failure   Level
a - Stone Arrow           Conj/Erth      12%        3d7       32%         3

Your spell library contained the following spells:

 Spells                   Type           Power      Damage    Failure   Level
 Animate Skeleton         Necr           2%         N/A       22%         1
 Apportation              Tloc           2%         N/A       22%         1
 Corona                   Hex            1%         N/A       22%         1
 Summon Small Mammal      Summ           4%         N/A       22%         1
 Bolt of Magma            Conj/Fire/Erth 2%         4d4       98%         5
 Shatter                  Erth           3%         3d7*      100%        9


Dungeon Overview and Level Annotations

Branches:
Dungeon (5/15)             Temple (0/1) D:4

Altars:
Gozag
Kikubaaqudgha

Annotations:
D:2 1 runed translucent door, Crazy Yiuf
D:4 Purgy
D:5 Sigmund


Innate Abilities, Weirdness & Mutations

You cannot wear most types of armour.
You are amphibious.
You can wear up to eight rings at the same time.
Your skin changes colour to match your surroundings (Stealth+).
Your rubbery body absorbs attacks. (AC +1, EV +1)
((You are camouflaged near water. (Stealth+)))
You have tentacles for arms and can constrict up to eight enemies at once.


Message History

The centaur barely misses you. x2
The adder closely misses you. The centaur misses you. The centaur kicks you.
You hit the centaur.
The centaur is poisoned.
The centaur is lightly wounded.
The adder closely misses you. The centaur closely misses you.
The centaur misses you.
Sigmund mumbles some strange words.
Sigmund flickers and vanishes!
Deactivating autopickup; reactivate with Ctrl-A.
The adder completely misses you.
You hit the centaur but do no damage.
The centaur is lightly wounded.
The centaur hits you but does no damage.
The centaur closely misses you. The adder closely misses you.
The centaur misses you. The centaur kicks you.
As you read the scroll labelled JAFUWE DYDABBE, it crumbles to dust.
You hear a loud clanging noise!
It was a scroll of noise.
You hear a bark!
You hear an angry hiss. x2; You hear a shout!
You hear an angry hiss.
You hear a bark!
The centaur hits you. The centaur kicks you. The adder misses you.
As you read the scroll labelled SINOAPP LETO, it crumbles to dust.
It is a scroll of amnesia.
Really abort (and waste the scroll)? [Y]es or [N]o only, please.
Really abort (and waste the scroll)?
Okay, then.
The centaur hits you. The centaur closely misses you. The adder bites you.
Something hits you!
* * * LOW HITPOINT WARNING * * *
The centaur completely misses you. The centaur kicks you.
* * * LOW HITPOINT WARNING * * *
You feel better. The adder bites you.
You are poisoned.
The adder poisons you! The centaur closely misses you.
The centaur completely misses you. Something hits you!
* * * LOW HITPOINT WARNING * * *
The adder bites you.
You die...
Your body crumbles into a pile of gold.

.....# $ #....# #####
#....# #...##
#....#######....###
#....#............#
#....#'#####......#
#..........#.....#######.
+####'#......#.....#.......
...#..#......#..@c.+.....@.
...#..#......#...S.#.......
.<.####......#####{#...#
...................w...#
.......................≈≈w≈
+##.................##.≈≈..
+.................+ ≈≈..
#.................# ≈..
#............$...c# ≈.


You could see a centaur (very poisoned), a worm and an adder.

Levels and vault maps discovered:
D:1:      ncdulo_lavacross, layout_loops_cross, shapermc_ecumenical_altar_venn
D:2:      kennysheep_six_static_rooms, layout_rooms, kennysheep_boxes,
          uniq_crazy_yiuf_cottage, uniq_natasha
D:3:      cheibrodos_old_hovel, layout_rooms, lemuel_crystal_altar
D:4:      layout_basic, nicolae_overflow_hidden_temple,
          kennysheep_vampire_church, minmay_temple_entry_mist, uniq_purgy
D:5:      minmay_octagon_keep, layout_gridville, cheibrodos_sewer_entry_sluice,
          bh_walls_and_bars, uniq_sigmund, uniq_blork_the_orc, uniq_grinder

Notes
Turn   | Place    | Note
-------+----------+-------------------------------------------
     0 | D:1      | ABBCCCDDDD the Octopode Brigand began the quest for the
                  | Orb.
     0 | D:1      | Reached XP level 1. HP: 14/14 MP: 1/1
   407 | D:1      | Reached XP level 2. HP: 13/19 MP: 2/2
   529 | D:1      | Found a faded altar of an unknown god.
   744 | D:1      | Reached XP level 3. HP: 23/25 MP: 3/3
  1342 | D:2      | Noticed Natasha
  1421 | D:2      | Found a runed translucent door.
  1422 | D:2      | Noticed Crazy Yiuf
  1840 | D:2      | Killed Natasha
  1841 | D:2      | Reached XP level 4. HP: 19/30 MP: 3/5
  2025 | D:2      | Noticed Natasha
  2027 | D:2      | Reached skill level 1 in Spellcasting
  2037 | D:2      | Killed Natasha
  2485 | D:3      | Reached XP level 5. HP: 36/36 MP: 5/7
  2520 | D:3      | Learned a level 3 spell: Stone Arrow
  2660 | D:3      | Found an opulent altar of Gozag.
  2682 | D:3      | Became a worshipper of Gozag Ym Sagoz the Greedy
  2935 | D:4      | Found an ancient bone altar of Kikubaaqudgha.
  2963 | D:4      | Reached skill level 1 in Conjurations
  2963 | D:4      | Reached skill level 1 in Earth Magic
  2963 | D:4      | Reached XP level 6. HP: 20/42 MP: 7/9
  3340 | D:4      | Found a staircase to the Ecumenical Temple.
  3852 | D:4      | Noticed Purgy
  4254 | D:4      | Identified a scroll of acquirement
  4257 | D:4      | Acquired a +4 ring of evasion
  4261 | D:5      | Entered Level 5 of the Dungeon
  4427 | D:5      | Noticed Sigmund
  4441 | D:5      | Slain by an adder

Table legend: (Time is in decaauts)
 A = Elapsed time spent in this place.
 B = Non-inter-level travel time spent in this place.
 C = Inter-level travel time spent in this place.
 D = Time resting spent in this place.
 E = Time spent auto-exploring this place.
 F = Levels seen in this place.
 G = Mean time per level.
                   A        B        C        D        E       F      G
               +--------+--------+--------+--------+--------+-----+--------+
         Total |   4431 |   4257 |    174 |   1090 |   2379 |   5 |  886.2 |
       Dungeon |   4431 |   4257 |    174 |   1090 |   2379 |   5 |  886.2 |
               +--------+--------+--------+--------+--------+-----+--------+

Top non-repeatable levels by time:
     D:1: 1544 daAuts
     D:4: 1377 daAuts
     D:2: 919 daAuts
     D:3: 411 daAuts
     D:5: 178 daAuts

Table legend:
 A = Kills in this place as a percentage of kills in entire the game.
 B = Kills by you in this place as a percentage of kills by you in the entire game.
 C = Kills by friends in this place as a percentage of kills by friends in the entire game.
 D = Other kills in this place as a percentage of other kills in the entire game.
 E = Experience gained in this place as a percentage of experience gained in the entire game.
 F = Experience gained in this place divided by the number of levels of this place that you have seen.
                   A       B       C       D       E      F
               +-------+-------+-------+-------+-------+----------------------
         Total | 100.0 | 100.0 |   N/A |   N/A | 100.0 | 104.8
       Dungeon | 100.0 | 100.0 |   N/A |   N/A | 100.0 | 104.8
               +-------+-------+-------+-------+-------+----------------------

Action                   |  1- 3 |  4- 6 || total
-------------------------+-------+-------++-------
Melee: Dagger            |    42 |       ||    42
       Tentacles         |     7 |    14 ||    21
       Constrict         |     9 |    23 ||    32
       Short sword       |    19 |   116 ||   135
Throw: Dart              |     6 |     3 ||     9
  Use: Scroll            |       |     9 ||     9
       Potion            |       |     1 ||     1
 Stab: Sleeping          |    19 |    16 ||    35
       Distracted        |     2 |       ||     2
Armor: Skin              |     3 |     5 ||     8
Dodge: Dodged            |    20 |    94 ||   114

Vanquished Creatures
  A phantom (D:5)
  2 vampire bats (D:4)
  A hound (D:4)
  Natasha (twice) (D:2)
  4 adders (D:3)
  3 dart slugs
  5 orcs (D:4)
  6 ball pythons
  4 bat zombies (D:4)
  8 endoplasms
  2 giant cockroaches
  7 hobgoblins
  6 jackals
  5 kobolds
  9 quokkas
  8 bats
  4 frilled lizards
  8 goblins
  5 rats
90 creatures vanquished.

Vanquished Creatures (others)
  A plant (D:3)
1 creature vanquished.

Grand Total: 91 creatures vanquished
